 Dungeon Crawl Stone Soup version 0.24-a0-271-ga0fc33f (webtiles) character file.

Game seed: 569369389775886292

358482 qdestroyer the Hoplite (level 21, 0/201 HPs)
             Began as a Minotaur Berserker on Apr 24, 2019.
             Was the Champion of Trog.
             Slain by an acid blob (4 damage)
             ... created by the Royal Jelly
             ... on level 4 of the Pits of Slime.
             The game lasted 02:18:54 (44816 turns).

qdestroyer the Hoplite (Minotaur Berserker)        Turns: 44816, Time: 02:18:55

Health: 0/201      AC: 16    Str: 34    XL:     21   Next: 44%
Magic:  20/20      EV: 12    Int: 20    God:    Trog [******]
Gold:   2717       SH: 28    Dex: 12    Spells: 20/20 levels left

rFire    + . .     SeeInvis .   X - +12 war axe "Ultimatum" {venom, Int+4 Stlth+}
rCold    + . .     Gourm    .   n - +4 shield of Life {rC+ Int+6 Slay+3}
rNeg     + . .     Faith    .   D - +0 plate armour {MR+}
rPois    +         Spirit   .   z - +2 hat {MR+}
rElec    +         Reflect  +   E - +2 cloak {MR+}
rCorr    .         Harm     .   i - +0 pair of gloves
MR       +++++                  C - +1 pair of boots
Stlth    ..........             e - +5 amulet of reflection
HPRegen  0.43/turn              Z - ring "Detingoila" {rPois rF+ rN+ Str+4}
MPRegen  0.17/turn              P - ring "Gybras" {*Drain rElec rPois Int+6 Stlth+}

@: about to teleport, corroded, studying Dodging
A: retaliatory headbutt, horns 2, magic resistance 1, mutation resistance 1
}: 2/15 runes: decaying, gossamer
a: Berserk, Trog's Hand, Brothers in Arms, Renounce Religion


You were on level 4 of the Pits of Slime.
You worshipped Trog.
Trog was exalted by your worship.
You were not hungry.

You visited 7 branches of the dungeon, and saw 39 of its levels.
You also visited: Volcano.

You collected 4131 gold pieces.
You spent 1414 gold pieces at shops.

Inventory:

Hand Weapons
 p - the +9 flail of Liemeon {antimagic, rC+, unknown}
   (You found it on level 3 of the Elven Halls)

   It reduces the magical energy of the wielder, and disrupts the spells and
   magical abilities of those hit.
   Natural abilities and divine invocations are not affected.
   It protects you from cold.
 X - the +12 war axe "Ultimatum" (weapon) {venom, Int+4 Stlth+}
   (You found it on level 2 of the Spider Nest)

   It poisons the flesh of those it strikes.
   It affects your intelligence (+4).
   It makes you more stealthy.
Armour
 a - a scarf of repulsion
 i - a +0 pair of gloves (worn)
 n - the +4 shield of Life (worn) {rC+ Int+6 Slay+3}
   (You acquired it on level 6 of the Lair of Beasts)

   It affects your intelligence (+6).
   It affects your accuracy and damage with ranged weapons and melee attacks
   (+3).
   It protects you from cold.
 z - a +2 hat of magic resistance (worn)
 C - a +1 pair of boots (worn)
 D - a +0 plate armour of magic resistance (worn)
 E - a +2 cloak of magic resistance (worn)
 L - a +2 large shield of reflection
 R - a +1 cloak of poison resistance
Jewellery
 e - a +5 amulet of reflection (around neck)
 o - an uncursed amulet of regeneration
 x - the ring of Tihudyr {Str+3 SInv, unknown}
   (You found it on level 3 of the Elven Halls)

   [ring of see invisible]

   It affects your strength (+3).
   It lets you see invisible.
 P - the ring "Gybras" (right hand) {*Drain rElec rPois Int+6 Stlth+}
   (You found it on level 1 of the Lair of Beasts)

   [ring of poison resistance]

   It affects your intelligence (+6).
   It insulates you from electricity.
   It protects you from poison.
   It causes draining when unequipped.
   It makes you more stealthy.
 Y - an uncursed ring of poison resistance {unknown}
 Z - the ring "Detingoila" (left hand) {rPois rF+ rN+ Str+4}
   (You found it on level 3 of the Elven Halls)

   [ring of positive energy]

   It affects your strength (+4).
   It protects you from fire.
   It protects you from poison.
   It protects you from negative energy.
Wands
 f - a wand of random effects (17)
 y - a wand of digging (15)
Scrolls
 g - 10 scrolls of remove curse
 h - a scroll of brand weapon {unknown}
 l - 4 scrolls of fear
 m - 4 scrolls of teleportation
 s - 3 scrolls of magic mapping
 H - 7 scrolls of fog
 Q - 6 scrolls of enchant weapon
 W - 2 scrolls of blinking
Potions
 d - 5 potions of flight
 j - a potion of berserk rage
 k - 3 potions of agility
 q - 2 potions of magic
 r - 4 potions of cancellation
 t - 9 potions of ambrosia
 w - 4 potions of haste
 B - 3 potions of resistance
 F - 10 potions of lignification
 G - a potion of mutation
 J - 5 potions of heal wounds
 O - 4 potions of might
 T - a potion of invisibility
Books
 v - a manual of Dodging
Miscellaneous
 I - a phantom mirror
 K - a lamp of fire
 M - a fan of gales
 N - 2 boxes of beasts
 S - a lightning rod (4/4)
 U - 2 sacks of spiders
Comestibles
 c - 13 rations


   Skills:
 + Level 20.1 Fighting
 + Level 22.0(22.3) Axes
 + Level 6.0(16.0) Maces & Flails
 + Level 17.5 Armour
 + Level 7.4 Dodging
 - Level 2.2 Stealth
 * Level 25.3 Shields


You had 20 spell levels left.
You didn't know any spells.
Your spell library was empty.

Dungeon Overview and Level Annotations

Branches:
Dungeon (15/15)            Temple (0/1) D:7            Lair (6/6) D:10
  Swamp (4/4) Lair:4       Spider (4/4) Lair:4        Slime (5/5) Lair:6
    Orc (2/2) D:12            Elf (3/3) Orc:2        Vaults (0/5) D:14
 Depths (0/5) D:15

Altars:
Ashenzari
Dithmenos
Fedhas
Hepliaklqana
Kikubaaqudgha
Makhleb
Nemelex Xobeh
Okawaru
Qazlal
Sif Muna
Vehumet
Xom
Yredelemnul
Zin
Beogh
Jiyva

Shops:
D:6 }   D:9 !   D:11 [   D:15 (   Orc:1 *   Orc:2 ?(*[:   Elf:1 :   Elf:3 [

Annotations:
Slime:5 Royal Jelly


Innate Abilities, Weirdness & Mutations

You reflexively headbutt those who attack you in melee.
You have a pair of horns on your head.
You are resistant to hostile enchantments. (MR+)
You are somewhat resistant to further mutation.


Message History

* * * LOW HITPOINT WARNING * * *
The azure jelly freezes you! You resist.
* * * LOW HITPOINT WARNING * * *
You block the azure jelly's attack. x2; You block the acid blob's attack.
The acid blob spits acid at you. The splash of acid hits you.
* * * LOW HITPOINT WARNING * * *
The acid corrodes you!
You are splashed with acid.
* * * LOW HITPOINT WARNING * * *
The acid blob hits you but does no damage.
You feel better. You block the death ooze's attack. x2
The azure jelly barely misses you. You block the azure jelly's attack.
The azure jelly barely misses you. The azure jelly hits you.
* * * LOW HITPOINT WARNING * * *
The acid blob hits you!!
* * * LOW HITPOINT WARNING * * *
You are splashed with acid!
* * * LOW HITPOINT WARNING * * *
The acid blob hits you.
You die...

##.................#.#..#...#...
#...............#.#.............
##.##........>...#...##.#.......
## ##..#.........#...###.......
###....#......#.##.##......
####..................#......
###.#..........#.......###.##..
##............JJ.........#.#.#..
#.............J@........#.....#.
##..#..........JJ...#...#.......
#.#.#.....#.........#..........
.....#...........#.###.........
#.#.##...........#.##..........
##.#.#..............##......#..
#..........#.#...#.##..........
##.#.............###.......#...
##.#..........##...###.#....


You could see 3 acid blobs, an azure jelly and a death ooze.

Vanquished Creatures
  Mara (Swamp:4)
  Bai Suzhen (Swamp:3)
  Nikola (Swamp:1)
  Arachne (Spider:2)
  Jorgrun (D:12)
  6 deep elf blademasters
  4 deep elf master archers (Elf:3)
  20 acid blobs
  Frances (D:14)
  Gastronok (D:8)
  4 thorn hunters
  Agnes (D:14)
  Donald (Swamp:4)
  12 azure jellies
  5 ghost moths
  The ghost of nel the Necromancer, an adept DsNe of Hepliaklqana (Spider:2)
  3 deep elf sorcerers
  7 emperor scorpions
  An orc warlord (Orc:2)
  Aizul (Swamp:1)
  3 deep elf elementalists (Elf:3)
  A war gargoyle (D:12)
  The ghost of Tarl the Carver, a journeyman DsGl of Qazlal (D:13)
  2 entropy weavers (Spider:1)
  A very ugly thing (Swamp:2)
  Azrael (D:13)
  5 deep elf demonologists
  A dire elephant (D:15)
  The ghost of continuitydrift the Spear-Bearer, a journeyman DsAK of Lugonu (Lair:5)
  3 deep elf annihilators (Elf:3)
  3 spark wasps (Spider:4)
  5 deep elf death magi (Elf:3)
  5 death oozes
  Josephine (D:11)
  2 deep elf high priests (Elf:3)
  Harold (D:8)
  An ogre mage (D:15)
  8 great orbs of eyes
  20 hydras
  A catoblepas (Lair:4)
  12 alligators
  3 ghost crabs (Swamp:4)
  The ghost of Gunnerkreig the Destroyer, a journeyman OpWz of Vehumet (D:11)
  2 death knights (D:12)
  23 dancing weapons
  2 shambling mangroves
  The ghost of ishanyx the Cleaver, a novice MiFi of Okawaru (D:7)
  8 death scarabs (Spider:4)
  A tengu warrior (D:14)
  7 two-headed ogres
  2 orc high priests
  The ghost of Potronius the Black Sun, a novice OgNe of Kikubaaqudgha (D:7)
  Urug (Lair:1)
  20 deep elf knights
  The ghost of Seifer the Blocker, a novice DDFi of Okawaru (D:7)
  A hell knight (Volcano)
  The ghost of Dylgear the Cleaver, a novice DsFi of Wu Jian (D:7)
  A spriggan druid (Swamp:4)
  2 unseen horrors
  The ghost of Zi the Covert, a novice NaVM of Hepliaklqana (D:8)
  16 deep elf archers
  3 lindwurms (Swamp:4)
  A flayed ghost (D:13)
  11 swamp dragons
  4 orc knights
  3 spectral wolf spiders (Spider:4)
  A glowing orange brain (Slime:4)
  A phantasmal warrior (D:12)
  2 wolf spider zombies (Spider:4)
  12 ugly things
  28 wolf spiders
  6 orc sorcerers
  2 oklob plants (Lair:3)
  70 deep elf magi
  14 orb spiders
  6 cyclopes
  A manticore (D:11)
  3 shining eyes
  5 elephants (Lair:5)
  Maurice (D:13)
  5 moths of wrath
  An eye of devastation (Slime:4)
  4 torpor snails
  Joseph (D:9)
  3 black mambas
  9 gargoyles
  Psyche (D:8)
  A molten gargoyle (Elf:2)
  5 yaktaurs
  3 spectral redbacks (Spider:4)
  13 demonic crawlers
  37 spiny frogs
  7 rime drakes
  7 freezing wraiths
  6 komodo dragons
  2 redback zombies (Spider:4)
  12 trolls
  2 tengu conjurers (D:14)
  46 jumping spiders
  11 polar bears
  A troll (shapeshifter) (D:14)
  17 tyrant leeches
  21 hornets
  2 spectral tarantellas (Spider:4)
  116 slime creatures
  7 hippogriffs
  11 bog bodies
  3 spectral jumping spiders (Spider:4)
  A tarantella zombie (Spider:4)
  25 blink frogs
  2 air elementals (Elf:1)
  9 water elementals
  27 tarantellas
  3 vampires
  2 wyverns
  79 redbacks
  4 spriggans (Swamp:4)
  2 shadows (D:13)
  5 fire elementals
  9 wraiths
  2 golden eyes (Slime:3)
  16 yaks
  A yak (shapeshifter) (D:14)
  13 vampire mosquitoes
  5 hungry ghosts
  The ghost of blexxed the Chopper, an amateur DsFi (D:3)
  A basilisk (Lair:1)
  A death yak simulacrum (Lair:5)
  10 insubstantial wisps
  2 soldier ants (D:10)
  2 wargs
  14 swamp worms
  6 hell hounds (D:13)
  An acid dragon (D:9)
  16 water moccasins
  2 spectral hornets (Spider:4)
  3 ice beasts
  5 porcupines
  30 orc warriors
  12 swamp drakes
  4 black bears
  10 eyes of draining
  12 sky beasts
  2 hornet zombies (Spider:4)
  4 black mamba simulacra (Lair:5)
  4 phantoms
  2 necrophages (D:12)
  6 wolves (Lair:3)
  8 centaurs
  23 ogres
  12 crocodiles
  Blork the orc (Orc:2)
  2 big kobolds
  37 bullfrogs
  A wyvern skeleton (D:9)
  A blink frog simulacrum (Lair:5)
  3 scorpions
  An elephant simulacrum (Lair:5)
  6 wights
  A rime drake simulacrum (Lair:5)
  7 electric eels
  2 howler monkeys
  10 crimson imps
  A quasit (D:12)
  A komodo dragon simulacrum (Lair:5)
  3 bullfrog zombies
  9 centaur skeletons
  5 centaur zombies
  14 hounds
  21 orc priests
  7 jellies
  5 bullfrog skeletons
  5 iguanas
  19 orc wizards
  7 worker ants
  A hell rat (D:7)
  3 hound skeletons
  4 river rats (D:7)
  9 adders
  3 shadow imps
  8 oozes
  3 adder skeletons
  2 worms
  3 dart slugs
  3 leopard geckos
  73 orcs
  4 bats
  12 giant cockroaches
  10 goblins
  7 hobgoblins
  5 jackals
  10 quokkas
  A ball python (D:3)
  4 frilled lizards
  A jackal zombie (D:8)
  19 kobolds
  A quokka zombie (D:5)
  20 rats
  6 briar patches
  4 fungi
  13 plants
  A toadstool (Swamp:3)
1571 creatures vanquished.

Vanquished Creatures (collateral kills)
  A deep elf demonologist (Elf:2)
  2 hydras
  A dancing weapon (D:14)
  A shambling mangrove (Swamp:3)
  A deep elf knight (Elf:2)
  A swamp dragon (Swamp:3)
  2 deep elf archers (Elf:2)
  3 molten gargoyles (Elf:2)
  A bog body (Swamp:3)
13 creatures vanquished.

Vanquished Creatures (others)
  A deep elf master archer (Elf:3)
  Nessos (D:14)
  A deep elf annihilator (Elf:3)
  3 centaur warriors
  2 deep elf knights (Elf:2)
  3 deep elf archers (Elf:2)
  A deep elf mage (Elf:2)
  A cyclops (D:15)
  A spiny frog (Swamp:1)
  A yaktaur (Volcano)
  2 jumping spiders
  A spriggan (Swamp:4)
  2 centaurs (Volcano)
  A kobold (D:12)
  5 briar patches
  7 fungi (Lair:6)
  36 plants
  5 toadstools (Swamp:3)
74 creatures vanquished.

Grand Total: 1658 creatures vanquished

Notes
Turn   | Place    | Note
-------+----------+-------------------------------------------
     0 | D:1      | qdestroyer the Minotaur Berserker began the quest for the
                  | Orb.
     0 | D:1      | Reached XP level 1. HP: 19/19 MP: 0/0
   239 | D:1      | Reached XP level 2. HP: 18/27 MP: 1/1
   395 | D:1      | Reached ** piety under Trog
   412 | D:1      | Reached XP level 3. HP: 27/33 MP: 2/2
   846 | D:2      | Found a faded altar of an unknown god.
  1043 | D:2      | Noticed a scorpion
  1053 | D:2      | Killed a scorpion
  1053 | D:2      | Reached skill level 5 in Axes
  1053 | D:2      | Reached XP level 4. HP: 9/41 MP: 3/3
  1177 | D:2      | Noticed an ogre
  1185 | D:2      | Killed an ogre
  1185 | D:2      | Reached XP level 5. HP: 13/47 MP: 4/4
  1368 | D:2      | Found a stormy altar of Qazlal.
  1629 | D:3      | Reached skill level 5 in Fighting
  2082 | D:3      | Reached XP level 6. HP: 55/56 MP: 5/5
  2113 | D:3      | Found a runed translucent gate.
  2113 | D:3      | Found a runed translucent gate.
  2114 | D:3      | Found a runed translucent gate.
  2114 | D:3      | Noticed blexxed's ghost (amateur DsFi)
  2174 | D:3      | Killed blexxed's ghost
  2756 | D:4      | Reached XP level 7. HP: 61/61 MP: 6/6
  2877 | D:4      | Got a polished ring mail
  2880 | D:4      | Identified the +3 ring mail "Gikeatz" {+Inv} (You found it
                  | on level 4 of the Dungeon)
  3038 | D:5      | Entered Level 5 of the Dungeon
  3287 | D:5      | Reached skill level 5 in Armour
  3355 | D:5      | Reached *** piety under Trog
  3440 | D:5      | Noticed a hungry ghost
  3460 | D:5      | Killed a hungry ghost
  3460 | D:5      | Reached XP level 8. HP: 67/71 MP: 7/7
  3502 | D:5      | Reached skill level 1 in Stealth
  3592 | D:5      | Found a shadowy altar of Dithmenos.
  4248 | D:6      | Found a burning altar of Makhleb.
  4300 | D:6      | Found Bunapryokhli's Gadget Emporium.
  4319 | D:6      | Reached skill level 10 in Axes
  4821 | D:6      | Reached XP level 9. HP: 79/79 MP: 8/8
  5413 | D:7      | Found an iron altar of Okawaru.
  5413 | D:7      | Found a hazy altar of Hepliaklqana.
  5415 | D:7      | Found a blossoming altar of Fedhas.
  5416 | D:7      | Found a deep blue altar of Sif Muna.
  5416 | D:7      | Found a basalt altar of Yredelemnul.
  5416 | D:7      | Found an ancient bone altar of Kikubaaqudgha.
  5785 | D:7      | Reached **** piety under Trog
  5814 | D:7      | Found a staircase to the Ecumenical Temple.
  6448 | D:8      | Found a runed translucent gate.
  6448 | D:8      | Found a runed translucent gate.
  6448 | D:8      | Found a runed translucent gate.
  6505 | D:8      | Noticed Potronius's ghost (novice OgNe)
  6505 | D:8      | Noticed Dylgear's ghost (novice DsFi)
  6506 | D:8      | Noticed Zi's ghost (novice NaVM)
  6506 | D:8      | Noticed Seifer's ghost (novice DDFi)
  6506 | D:8      | Noticed ishanyx's ghost (novice MiFi)
  6578 | D:7      | Killed Seifer's ghost
  6578 | D:7      | Reached XP level 10. HP: 90/90 MP: 9/9
  6611 | D:7      | Killed ishanyx's ghost
  6855 | D:7      | Killed Potronius's ghost
  6855 | D:7      | Reached ***** piety under Trog
  6911 | D:7      | Killed Dylgear's ghost
  6983 | D:8      | Killed Zi's ghost
  7440 | D:8      | Noticed Gastronok
  7461 | D:8      | Killed Gastronok
  7461 | D:8      | Reached skill level 10 in Armour
  7461 | D:8      | Reached XP level 11. HP: 99/99 MP: 10/10
  7618 | D:8      | Noticed Harold
  7632 | D:8      | Killed Harold
  7823 | D:8      | Noticed Psyche
  7834 | D:8      | Killed Psyche
  8062 | D:9      | Reached skill level 10 in Fighting
  8344 | D:9      | Found Sinin's Distillery.
  8381 | D:9      | Noticed a two-headed ogre
  8392 | D:9      | Killed a two-headed ogre
  8518 | D:9      | Reached XP level 12. HP: 103/110 MP: 11/11
  8637 | D:9      | Noticed an angel
  8638 | D:9      | Found a glowing silver altar of Zin.
  8639 | D:9      | Found a shimmering altar of Xom.
  8702 | D:9      | Received a gift from Trog
  8705 | D:9      | Got a fine broad axe {god gift}
  8857 | D:9      | Identified the +3 broad axe of Gisotoyq {chop, *Drain rElec
                  | Dex+4} (Trog gifted it to you on level 9 of the Dungeon)
  8897 | D:9      | Noticed Joseph
  8901 | D:9      | Killed Joseph
  9001 | D:9      | Got a smoking halberd
  9118 | D:9      | Reached skill level 15 in Axes
  9247 | D:10     | Entered Level 10 of the Dungeon
  9320 | D:10     | Found a staircase to the Lair.
  9990 | D:11     | Found a radiant altar of Vehumet.
 10046 | D:11     | Noticed Josephine
 10059 | D:11     | Killed Josephine
 10132 | D:11     | Reached XP level 13. HP: 90/118 MP: 12/12
 10314 | D:11     | Found Jufoung's Armour Boutique.
 10322 | D:11     | Bought a +2 large shield of reflection for 314 gold pieces
 10331 | D:11     | Identified the cursed +2 halberd "Heerir" {freeze, Int+6
                  | SInv} (You found it on level 9 of the Dungeon)
 10469 | D:11     | Found a runed translucent door.
 10540 | D:11     | Noticed Gunnerkreig's ghost (journeyman OpWz)
 10571 | D:11     | Killed Gunnerkreig's ghost
 10571 | D:11     | Reached skill level 1 in Shields
 10950 | D:12     | Received a gift from Trog
 11144 | D:12     | Reached skill level 2 in Shields
 11273 | D:12     | Noticed a war gargoyle
 11282 | D:12     | Killed a war gargoyle
 11285 | D:12     | Reached skill level 3 in Shields
 11536 | D:12     | Noticed Jorgrun
 11545 | D:12     | Reached skill level 4 in Shields
 11549 | D:12     | Killed Jorgrun
 11571 | D:12     | HP: 3/119 [death knight/+3 glaive (15)]
 11923 | D:12     | Reached skill level 5 in Shields
 11969 | D:12     | Found a staircase to the Orcish Mines.
 11984 | Orc:1    | Entered Level 1 of the Orcish Mines
 11984 | Orc:1    | Found Puyps's Assorted Antiques.
 12187 | Orc:2    | Entered Level 2 of the Orcish Mines
 12202 | Orc:2    | Found Uxustiq's Magic Scroll Shoppe.
 12236 | Orc:2    | Found a staircase to the Elven Halls.
 12246 | Orc:2    | Bought a scroll of teleportation for 45 gold pieces
 12246 | Orc:2    | Bought a scroll of teleportation for 45 gold pieces
 12311 | Orc:2    | Noticed an orc warlord
 12314 | Orc:2    | Noticed Blork the orc
 12331 | Orc:2    | HP: 4/122 [red devil/+0 trident[an orc warlord] (11)]
 12967 | Orc:2    | Killed an orc warlord
 12975 | Orc:2    | Reached XP level 14. HP: 129/129 MP: 13/13
 13017 | Orc:2    | Received a gift from Trog
 13263 | Orc:2    | Found a roughly hewn altar of Beogh.
 13526 | Orc:2    | Found a roughly hewn altar of Beogh.
 13536 | Orc:2    | Reached skill level 6 in Shields
 13537 | Orc:2    | Found Ishrott's Antique Weapon Shop.
 13540 | Orc:2    | Killed Blork the orc
 13545 | Orc:2    | Found Erahis's General Store.
 13575 | Orc:2    | Found Qaufot's Book Shop.
 13762 | Orc:2    | Found Onetzid's Antique Armour Shop.
 13769 | Orc:2    | Bought a pair of gloves for 117 gold pieces
 13890 | Orc:1    | You fall through a shaft!
 13998 | Orc:1    | Found a roughly hewn altar of Beogh.
 14433 | D:13     | Found a runed translucent gate.
 14433 | D:13     | Found a runed translucent gate.
 14441 | D:13     | Found a runed translucent gate.
 14442 | D:13     | Noticed Tarl's ghost (journeyman DsGl)
 14452 | D:13     | Reached skill level 7 in Shields
 14502 | D:13     | Killed Tarl's ghost
 14585 | D:13     | Noticed Azrael
 14688 | D:13     | Reached skill level 8 in Shields
 14990 | D:13     | Killed Azrael
 15389 | D:13     | Noticed Maurice
 15397 | D:13     | Killed Maurice
 15842 | D:14     | Noticed Frances
 15854 | D:14     | Killed Frances
 15903 | D:14     | Reached skill level 9 in Shields
 15956 | D:14     | Received a gift from Trog
 15968 | D:14     | Noticed Nessos
 15977 | D:14     | Killed Nessos
 16297 | D:14     | Reached skill level 10 in Shields
 16484 | D:14     | Reached XP level 15. HP: 124/139 MP: 14/14
 16773 | D:14     | Found a gate to the Vaults.
 16793 | D:14     | Noticed Agnes
 16798 | D:14     | Reached skill level 11 in Shields
 16805 | D:14     | Killed Agnes
 16899 | D:15     | Entered Level 15 of the Dungeon
 17399 | D:15     | Received a gift from Trog
 17399 | D:15     | Reached skill level 12 in Shields
 17466 | D:15     | Found a staircase to the Depths.
 17789 | D:15     | Found Enousk's Weapon Boutique.
 17866 | D:15     | Found a basalt altar of Yredelemnul.
 17878 | D:15     | Reached skill level 15 in Fighting
 18278 | Lair:1   | Entered Level 1 of the Lair of Beasts
 18446 | Lair:1   | Got a scintillating wooden ring
 18476 | Lair:1   | Identified the ring "Gybras" {*Drain rElec rPois Int+6
                  | Stlth+} (You found it on level 1 of the Lair of Beasts)
 18678 | Lair:1   | Noticed Urug
 18704 | Lair:1   | Killed Urug
 18704 | Lair:1   | Reached skill level 13 in Shields
 19189 | Lair:1   | Gained mutation: You can translocate small distances at
                  | will. [potion of mutation]
 19189 | Lair:1   | Gained mutation: You expend magic power (3 MP) to
                  | strengthen your wands. [potion of mutation]
 19189 | Lair:1   | Gained mutation: You are partially covered in rugged brown
                  | scales. (AC +1, +3% HP) [potion of mutation]
 19190 | Lair:1   | Lost mutation: You expend magic power (3 MP) to strengthen
                  | your wands. [potion of mutation]
 19190 | Lair:1   | Lost mutation: You can translocate small distances at will.
                  | [potion of mutation]
 19190 | Lair:1   | Lost mutation: You are partially covered in rugged brown
                  | scales. (AC +1, +3% HP) [potion of mutation]
 19190 | Lair:1   | Gained mutation: You have supernaturally acute eyesight.
                  | (SInv) [potion of mutation]
 19190 | Lair:1   | Gained mutation: Your muscles are strong. (Str +2) [potion
                  | of mutation]
 20206 | Lair:3   | Found a dark tunnel.
 20212 | Volcano  | Entered a volcano
 20234 | Volcano  | Found a radiant altar of Vehumet.
 20938 | Lair:4   | Reached skill level 14 in Shields
 21030 | Lair:4   | You fall through a shaft!
 21122 | Lair:5   | Received a gift from Trog
 21133 | Lair:5   | Found a runed translucent gate.
 21134 | Lair:5   | Found a runed translucent gate.
 21135 | Lair:5   | Found a runed translucent gate.
 21211 | Lair:5   | Noticed continuitydrift's ghost (journeyman DsAK)
 21226 | Lair:5   | Killed continuitydrift's ghost
 21358 | Lair:5   | Reached XP level 16. HP: 125/149 MP: 15/15
 21798 | Lair:6   | Entered Level 6 of the Lair of Beasts
 21798 | Lair:6   | Found a shattered altar of Ashenzari.
 21907 | Lair:6   | Reached skill level 15 in Shields
 21975 | Lair:6   | Received a gift from Trog
 21985 | Lair:6   | Identified a scroll of acquirement
 21988 | Lair:6   | Got a spiked shield
 21989 | Lair:6   | Identified the +4 shield of Life {rC+ Int+6 Slay+3} (You
                  | acquired it on level 6 of the Lair of Beasts)
 22469 | Lair:6   | Found a runed translucent door.
 22470 | Lair:6   | Found a viscous altar of Jiyva.
 22470 | Lair:6   | Found a staircase to the Slime Pits.
 22658 | Lair:6   | Found an iron altar of Okawaru.
 23094 | Lair:4   | Found a hole to the Spider Nest.
 23267 | Lair:4   | You fall through a shaft for 2 floors!
 23528 | Lair:4   | Found a staircase to the Swamp.
 23976 | Lair:4   | Reached skill level 16 in Shields
 24056 | Swamp:1  | Entered Level 1 of the Swamp
 24141 | Swamp:1  | Reached skill level 15 in Armour
 24191 | Swamp:1  | Noticed Aizul
 24202 | Swamp:1  | Killed Aizul
 24233 | Swamp:1  | Noticed Nikola
 24246 | Swamp:1  | Killed Nikola
 24762 | Swamp:2  | Found a sparkling altar of Nemelex Xobeh.
 24769 | Swamp:2  | Reached skill level 17 in Shields
 24903 | Swamp:2  | Noticed a thorn hunter
 24921 | Swamp:2  | Killed a thorn hunter
 25290 | Swamp:2  | Received a gift from Trog
 25697 | Swamp:3  | Reached XP level 17. HP: 152/159 MP: 16/16
 25773 | Swamp:3  | Noticed Bai Suzhen
 25791 | Swamp:3  | Killed Bai Suzhen
 26210 | Swamp:4  | Entered Level 4 of the Swamp
 26233 | Swamp:4  | Reached skill level 18 in Shields
 27153 | Swamp:4  | Got a decaying rune of Zot
 27272 | Swamp:4  | Noticed Mara
 27273 | Swamp:4  | Noticed Donald
 27292 | Swamp:4  | Killed Donald
 27338 | Swamp:4  | Noticed qdestroyer's illusion
 27351 | Swamp:4  | Killed Mara
 27370 | Swamp:4  | Reached skill level 19 in Shields
 28725 | Spider:1 | Entered Level 1 of the Spider Nest
 29430 | Spider:2 | Noticed Arachne
 29457 | Spider:2 | Killed Arachne
 29457 | Spider:2 | Reached XP level 18. HP: 170/170 MP: 17/17
 29651 | Spider:2 | Got a shimmering war axe
 29661 | Spider:2 | Identified the +12 war axe "Ultimatum" {venom, Int+4
                  | Stlth+} (You found it on level 2 of the Spider Nest)
 29736 | Spider:2 | Received a gift from Trog
 29766 | Spider:2 | Found a runed translucent gate.
 29767 | Spider:2 | Found a runed translucent gate.
 29768 | Spider:2 | Found a runed translucent gate.
 29769 | Spider:2 | Noticed nel's ghost (adept DsNe)
 29815 | Spider:2 | Gained mutation: Armour fits poorly on your strangely
                  | shaped body. [mutagenic glow]
 29816 | Spider:2 | Reached skill level 20 in Shields
 29842 | Spider:2 | Killed nel's ghost
 30544 | Spider:3 | Lost mutation: Armour fits poorly on your strangely shaped
                  | body. [potion of mutation]
 30544 | Spider:3 | Lost mutation: Your muscles are strong. (Str +2) [potion of
                  | mutation]
 30544 | Spider:3 | Lost mutation: You have supernaturally acute eyesight.
                  | (SInv) [potion of mutation]
 30544 | Spider:3 | Gained mutation: You have a pair of large horns on your
                  | head. [potion of mutation]
 30544 | Spider:3 | Gained mutation: You possess an exceptional clarity of
                  | mind. [potion of mutation]
 30545 | Spider:3 | Lost mutation: You possess an exceptional clarity of mind.
                  | [potion of mutation]
 30545 | Spider:3 | Lost mutation: You have a pair of large horns on your head.
                  | [potion of mutation]
 30545 | Spider:3 | Gained mutation: You are resistant to hostile enchantments.
                  | (MR+) [potion of mutation]
 30545 | Spider:3 | Gained mutation: You are somewhat resistant to further
                  | mutation. [potion of mutation]
 30574 | Spider:3 | Reached ****** piety under Trog
 30904 | Spider:4 | Entered Level 4 of the Spider Nest
 30928 | Spider:4 | Received a gift from Trog
 30970 | Spider:4 | Reached skill level 21 in Shields
 31600 | Spider:4 | Received a gift from Trog
 32220 | Spider:4 | Reached XP level 19. HP: 166/179 MP: 18/18
 32274 | Spider:4 | Got a gossamer rune of Zot
 32910 | Elf:1    | Entered Level 1 of the Elven Halls
 32940 | Orc:2    | Reached skill level 22 in Shields
 33103 | Elf:1    | Received a gift from Trog
 33531 | Elf:1    | Found Moceskuq's Book Shop.
 33692 | Elf:1    | Received a gift from Trog
 34729 | Elf:2    | Found a runed translucent gate.
 34729 | Elf:2    | Found a runed translucent gate.
 34729 | Elf:2    | Found a runed translucent gate.
 34921 | Elf:2    | Received a gift from Trog
 34944 | Elf:2    | Reached skill level 23 in Shields
 35286 | Elf:2    | Noticed a Tzitzimitl
 35777 | Elf:2    | Reached XP level 20. HP: 186/188 MP: 19/19
 36073 | Elf:3    | Entered Level 3 of the Elven Halls
 36121 | Elf:3    | Found Poklop's Armour Shop.
 36126 | Elf:3    | Bought a +0 plate armour of magic resistance for 480 gold
                  | pieces
 36126 | Elf:3    | Bought a +2 cloak of magic resistance for 344 gold pieces
 36289 | Elf:3    | Received a gift from Trog
 38305 | Elf:3    | Reached skill level 24 in Shields
 38808 | Elf:3    | Identified the +1 falchion of the Undead {freeze, rC+ rN+
                  | Str+3}
 38889 | Elf:3    | Got a heavily runed silver ring
 38913 | Elf:3    | Got a brightly glowing lapis lazuli ring
 38927 | Elf:3    | Identified the ring "Detingoila" {rPois rF+ rN+ Str+4} (You
                  | found it on level 3 of the Elven Halls)
 38928 | Elf:3    | Identified the ring "Kamungua" {*Tele *Drain rElec Int+2
                  | Slay+3} (You found it on level 3 of the Elven Halls)
 38940 | Elf:3    | Got a jewelled flail
 38948 | Elf:3    | Got a twitching tin ring
 39336 | Orc:1    | Bought a scroll of teleportation for 69 gold pieces
 39635 | Slime:1  | Entered Level 1 of the Pits of Slime
 39781 | Slime:1  | Received a gift from Trog
 40290 | Slime:1  | Received a gift from Trog
 41511 | Slime:2  | Received a gift from Trog
 41861 | Slime:2  | Reached XP level 21. HP: 110/199 MP: 20/20
 42682 | Slime:4  | Reached skill level 25 in Shields
 43052 | Slime:4  | Received a gift from Trog
 43527 | Slime:5  | Entered Level 5 of the Pits of Slime
 44077 | Slime:5  | Noticed the Royal Jelly
 44816 | Slime:4  | HP: 4/201 [acid[the Royal Jelly] (10)]
 44816 | Slime:4  | Slain by an acid blob

Levels and vault maps discovered:
D:1:      wheals_arrival_shading, layout_basic, minmay_misc_feat_enclosed
D:2:      layout_basic, nicolae_qazlal_eye_of_the_storm, first_ration,
          chequers_ecumenical_altar_simple
D:3:      layout_basic, gammafunk_ghost_necromancy, kennysheep_generic_room_16
D:4:      layout_gridville
D:5:      layout_loops_ring, lemuel_coloured_pillars_altar,
          guppyfry_early_orc_mine
D:6:      layout_loops_ring, serial_rivers, chequers_serial_rivers_room_b,
          chequers_serial_rivers_micro_c, chequers_serial_rivers_micro_b,
          chequers_serial_rivers_micro_c, chequers_serial_rivers_micro_a,
          chequers_serial_rivers_small_3, basic_altar, serial_shops,
          shop_fountains, water_maze_lemuel
D:7:      lemuel_ratsnest, layout_rooms, grunt_temple_overflow_open,
          temple_hall_moat, nicolae_benzene_ring
D:8:      layout_layer_cave, gammafunk_ghost_cemetery, uniq_psyche,
          uniq_gastronok, uniq_harold
D:9:      cheibrodos_ideogram_h, layout_basic,
          grunt_temple_overflow_order_and_chaos_1, serial_shops,
          nicolae_shop_window_shopping, uniq_joseph
D:10:     layout_gridville, david_lair_shrubbed, hangedman_pestilent_swarm
D:11:     layout_gridville, serial_shops, shop, ebering_ghost_reflecting_pool,
          basic_altar, minmay_misc_feat_rugged, uniq_josephine
D:12:     gargoyle_guard, layout_grid_maze, orc_0_dummy, uniq_jorgrun
D:13:     layout_loops_ring, gammafunk_ghost_spectres, uniq_azrael, uniq_maurice
D:14:     layout_long_grid, erik_vaults_1, serial_bayou_pond_b, uniq_agnes,
          uniq_frances, uniq_nessos
D:15:     hangedman_depths_entry_try_elsewhere_first, layout_loops_ring,
          basic_altar, serial_shops, shop, chequers_serial_rivers_room_b
Lair:1:   beast_lair_carwin_large_1, layout_big_grid, uniq_urug
Lair:2:   layout_gridlike
Lair:3:   layout_gridlike, nicolae_volcano_entry_s_turn,
          minmay_lair_oklob_chamber, serial_bayou_shore_a
Lair:4:   layout_concentric_octagons, skrybe_swamp_entry_bodies,
          spider_nest_entry_rubble, minivault_19, hibernation_bobbens,
          lemuel_fruit_tree
Lair:5:   layout_regular_city, gammafunk_ghost_icy, cheibrodos_lair_lostbears
Lair:6:   minmay_lair_end_frog_pond, layout_layer_cave, slime_altar_2,
          basic_altar, lemuel_altar_in_water2, serial_bayou_shore_b
Swamp:1:  layout_falls_marsh, evilmike_swamp_ruin_rubble_1, uniq_nikola,
          uniq_aizul
Swamp:2:  layout_basic_swamp, evilmike_swamp_ruin_house_2, swamp_pool2,
          lemuel_altar_in_water
Swamp:3:  cheibrodos_swamp_tower_of_moss, layout_falls_marsh,
          hangedman_swamp_ruin_wall, infiniplex_staircase_pool, uniq_bai_suzhen
Swamp:4:  swamp_alternative, layout_basic_swamp, uniq_mara, uniq_donald
Spider:1: layout_spider_delve
Spider:2: layout_spider_delve, gammafunk_ghost_tricky_traps, uniq_arachne
Spider:3: layout_spider_delve
Spider:4: floodkiller_spider_rune_tomb
Slime:1:  layout_caves
Slime:2:  layout_caves
Slime:3:  layout_caves
Slime:4:  layout_caves
Slime:5
Orc:1:    layout_caves, serial_shops, shop_statue, bh_open_orc_temple
Orc:2:    grunt_orc_cross, layout_caves, serial_shops, nicolae_shop_waterfront,
          minmay_orc_temple_a
Elf:1:    minmay_elf_arrival_circle, layout_loops_cross, serial_shops,
          nicolae_shop_window_shopping, minmay_elf_sorcery
Elf:2:    layout_gridlike, minivault_8
Elf:3:    minmay_elf_hall, layout_geoelf_castle, serial_shops, shop,
          lemuel_flame_loot_1
Volcano:  kennysheep_volcano_temple

Skill      XL: |  1  2  3  4  5  6  7  8  9 10 11 12 13 14 15 16 17 18 19 20 21 |
---------------+----------------------------------------------------------------+-----
Fighting       | 4 5 6 7 8 9 11 12 13 14 15 16 17 18 19 20 | 20.1
Axes           | 4 5 6 7 8 10 12 14 15 17 18 19 20 21 22 | 22.0
Armour         | 3 4 5 6 8 10 12 13 14 15 16 17 | 17.5
Dodging        | 3 4 6 7 |  7.4
Stealth        | 1 2 |  2.2
Maces & Flails | 6 |  6.0
Shields        | 5 10 14 17 19 21 23 24 25 | 25.3

Action                   |  1- 3 |  4- 6 |  7- 9 | 10-12 | 13-15 | 16-18 | 19-21 || total
-------------------------+-------+-------+-------+-------+-------+-------+-------++-------
Melee: Hand axe          |    65 |   105 |   400 |   321 |       |       |       ||   891
       Headbutt          |    11 |    18 |    85 |   132 |   323 |   412 |   293 ||  1274
       Broad axe         |       |       |       |   107 |  1064 |   878 |       ||  2049
       War axe           |       |       |       |       |       |   453 |   970 ||  1423
Invok: Trog's Hand       |       |     4 |     2 |     4 |    14 |    13 |     7 ||    44
       Berserk           |       |     3 |     2 |     6 |    11 |     9 |     4 ||    35
       Brothers in Arms  |       |       |       |       |     5 |     3 |     2 ||    10
Evoke: Wand              |       |       |       |       |     1 |       |       ||     1
  Use: Scroll            |     1 |     7 |    14 |    10 |    16 |    12 |    13 ||    73
       Potion            |       |     1 |       |     1 |     9 |     5 |     5 ||    21
 Stab: Held in net/web   |       |       |       |     1 |       |       |       ||     1
       Distracted        |       |       |       |       |     1 |       |     1 ||     2
       Confused          |       |       |       |       |       |     2 |       ||     2
  Eat: Ration            |       |     2 |     5 |     6 |    10 |    12 |    14 ||    49
       Chunk             |       |     3 |     3 |       |    19 |     9 |     2 ||    36
Armor: Animal skin       |     3 |       |       |       |       |       |       ||     3
       Ring mail         |     9 |    25 |       |       |       |       |       ||    34
       Chain mail        |       |     8 |    48 |       |       |       |       ||    56
       Plate armour      |       |       |   115 |   169 |   266 |   566 |   254 ||  1370
Dodge: Dodged            |    32 |    35 |   107 |   104 |   155 |   446 |   195 ||  1074
       Deflected         |       |       |       |     3 |    16 |     1 |       ||    20
Block: Other             |     6 |    21 |    51 |    72 |     5 |     4 |       ||   159
       Reflection        |       |     1 |       |     4 |    68 |    22 |   105 ||   200
       Large shield      |       |       |       |       |   989 |   122 |       ||  1111
       Shield            |       |       |       |       |       |  1469 |   876 ||  2345

Table legend:
 A = Non-vault XP
 B = Vault XP
 C = Vault XP percentage of total XP
 D = Non-vault monster count
 E = Vault monster count
 F = Vault count percentage of total count
                 A         B        C        D         E       F
            +---------+---------+-------+---------+---------+-------
      Total |  370108 |  254798 |  40.8 |    1105 |     462 |  29.5
            +---------+---------+-------+---------+---------+-------
        D:1 |      46 |       0 |   0.0 |      23 |       0 |   0.0
        D:2 |     224 |       0 |   0.0 |      20 |       0 |   0.0
        D:3 |     124 |     310 |  71.4 |      27 |       6 |  18.2
        D:4 |      29 |       0 |   0.0 |       4 |       0 |   0.0
        D:5 |     815 |     223 |  21.5 |      20 |       7 |  25.9
        D:6 |    1240 |       0 |   0.0 |      24 |       0 |   0.0
        D:7 |    1281 |    3573 |  73.6 |      31 |      33 |  51.6
        D:8 |     602 |    4188 |  87.4 |       8 |       4 |  33.3
        D:9 |    3507 |    2962 |  45.8 |      34 |      24 |  41.4
       D:10 |    2144 |     733 |  25.5 |      20 |       5 |  20.0
       D:11 |    2987 |    2861 |  48.9 |      21 |       6 |  22.2
       D:12 |    8973 |    7985 |  47.1 |      51 |      10 |  16.4
       D:13 |    5703 |    6369 |  52.8 |      17 |      17 |  50.0
       D:14 |   15327 |    6776 |  30.7 |      43 |       5 |  10.4
       D:15 |   13354 |    3885 |  22.5 |      32 |       4 |  11.1
     Lair:1 |    3216 |    2589 |  44.6 |      13 |       9 |  40.9
     Lair:2 |    3638 |       0 |   0.0 |      16 |       0 |   0.0
     Lair:3 |    3364 |    1310 |  28.0 |      21 |       4 |  16.0
     Lair:4 |    5844 |    1768 |  23.2 |      24 |       3 |  11.1
     Lair:5 |    7316 |    4457 |  37.9 |      21 |      17 |  44.7
     Lair:6 |   10440 |   13421 |  56.2 |      24 |      54 |  69.2
    Swamp:1 |   14582 |    5829 |  28.6 |      34 |       2 |   5.6
    Swamp:2 |   12293 |       0 |   0.0 |      30 |       0 |   0.0
    Swamp:3 |    6264 |   14122 |  69.3 |      16 |      10 |  38.5
    Swamp:4 |   16177 |   20042 |  55.3 |      37 |      20 |  35.1
   Spider:1 |   12525 |       0 |   0.0 |      38 |       0 |   0.0
   Spider:2 |   11754 |   12620 |  51.8 |      36 |      14 |  28.0
   Spider:3 |   22818 |       0 |   0.0 |      70 |       0 |   0.0
   Spider:4 |   20928 |   35804 |  63.1 |      45 |      71 |  61.2
    Slime:1 |   22260 |       0 |   0.0 |      36 |       0 |   0.0
    Slime:2 |   18635 |       0 |   0.0 |      35 |       0 |   0.0
    Slime:3 |   19533 |       0 |   0.0 |      29 |       0 |   0.0
    Slime:4 |   24329 |       0 |   0.0 |      44 |       0 |   0.0
    Slime:5 |    6886 |    6780 |  49.6 |       5 |       5 |  50.0
      Orc:1 |    2765 |     818 |  22.8 |      33 |       3 |   8.3
      Orc:2 |    3695 |   10256 |  73.5 |      19 |      46 |  70.8
      Elf:1 |   26944 |    9149 |  25.3 |      45 |      15 |  25.0
      Elf:2 |   22722 |   25897 |  53.3 |      34 |      33 |  49.3
      Elf:3 |   14824 |   47153 |  76.1 |      25 |      27 |  51.9
    Volcano |       0 |    2918 | 100.0 |       0 |       8 | 100.0
            +---------+---------+-------+---------+---------+-------
